 Dungeon Crawl Stone Soup version 0.18.1-5-g4a78601 (console) character file.

297 Kenran the Cruncher (level 6, -6/50 HPs)
             Began as a Minotaur Gladiator on May 14, 2016.
             Was an Initiate of Makhleb.
             Mangled by a gnoll
             ... wielding a +0 spear
              (9 damage)
             ... on level 4 of the Dungeon.
             The game lasted 00:09:42 (3053 turns).

Kenran the Cruncher (Minotaur Gladiator)            Turns: 3053, Time: 00:09:43

Health: -6/50      AC:  4    Str: 20    XL:     6   Next: 12%
Magic:  5/5        EV: 18    Int:  5    God:    Makhleb [......]
Gold:   199        SH:  0    Dex: 17    Spells: 0 memorised, 5 levels left

rFire  . . .     SeeInvis .     a - +1 quarterstaff
rCold  . . .     Gourm    .     b - +0 leather armour
rNeg   . . .     Faith    .     (shield currently unavailable)
rPois  .         Spirit   .     c - +1 hat
rElec  .         Dismiss  .     (no cloak)
rCorr  .         Reflect  .     (no gloves)
SustAt .         Harm     .     (no boots)
MR     .....                    (no amulet)
Stlth  ++........               (no ring)
                                (no ring)

@: agile, not resistant to hostile enchantments, unstealthy
A: retaliatory headbutt, horns 2
a: Renounce Religion


You were on level 4 of the Dungeon.
You worshipped Makhleb.
Makhleb was noncommittal.
You were very hungry.

You visited 1 branch of the dungeon, and saw 4 of its levels.

You collected 199 gold pieces.

Inventory:

Hand Weapons
 a - a +1 quarterstaff (weapon)
Missiles
 d - 3 throwing nets (quivered)
Armour
 b - a +0 leather armour (worn)
 c - a +1 hat (worn)
Jewellery
 k - a cursed ring of resist corrosion
Scrolls
 h - 3 scrolls of remove curse
 l - a scroll of identify
 t - a scroll of blinking
Potions
 e - 2 potions of might {unknown}
 g - a potion of lignification {unknown}
 i - a potion of agility
 j - a potion of berserk rage {unknown}
 n - a potion of flight {unknown}
 o - a potion of resistance {unknown}
 p - a potion of degeneration {unknown}
 s - a potion of beneficial mutation {unknown}
 u - a potion of cure mutation {unknown}
Comestibles
 f - 3 bread rations
 r - a meat ration


   Skills:
 - Level 2.4 Fighting
 + Level 8.3 Staves
 - Level 2.0 Throwing
 - Level 3.2 Dodging


You had 5 spell levels left.
You didn't know any spells.

Dungeon Overview and Level Annotations

Branches:
Dungeon (4/15)
 Temple: D:4-7

Altars:
Ashenzari
Gozag
Makhleb

Shops:
D:2 *


Innate Abilities, Weirdness & Mutations

You reflexively headbutt those who attack you in melee.
You have a pair of horns on your head.


Message History

The gnoll hits you but does no damage. The orc wizard hits you with a dagger.
* * * LOW HITPOINT WARNING * * *
Unknown command.
You barely miss the orc wizard. You completely miss the orc wizard.
The gnoll hits you with a spear.
* * * LOW HITPOINT WARNING * * *
The orc wizard hits you with a dagger.
* * * LOW HITPOINT WARNING * * *
The orc wizard casts a spell.
The orc wizard flickers and vanishes!
Deactivating autopickup; reactivate with Ctrl-A.
You hit the orc wizard. You headbutt the orc wizard!
The orc wizard is severely wounded.
The gnoll barely misses you. The orc wizard hits you with a dagger.
* * * LOW HITPOINT WARNING * * *
Drink which item? (? for menu, Esc to quit)
It was a potion of agility.
You feel agile all of a sudden. The gnoll hits you with a spear!
You die...

##...##.......#
######.#######
#.# #.# ##.##
#...# #...###
#..goo####
#..@#....#
#...##...#
#..)##o..#
###.###go#
##..##g.# ####
#.....o.##...#
#.#.##.oo..#.##.#
#................
###...##...#....#


You could see an orc wizard, a gnoll and an orc.

Vanquished Creatures
  The ghost of Zeloya the Cudgeler, an amateur KoFi (D:3)
  A hound (D:4)
  A centaur skeleton (D:4)
  An orc wizard (D:4)
  5 gnolls
  3 adders
  A worm (D:3)
  2 dart slugs (D:3)
  2 orcs
  3 giant cockroaches
  8 goblins
  8 hobgoblins
  8 jackals
  6 bats
  6 giant newts
  2 kobolds (D:2)
  6 rats
64 creatures vanquished.

Notes
Turn   | Place    | Note
--------------------------------------------------------------
     0 | D:1      | Kenran the Minotaur Gladiator began the quest for the Orb.
     0 | D:1      | Reached XP level 1. HP: 18/18 MP: 0/0
   152 | D:1      | Reached skill level 4 in Staves
   395 | D:1      | Reached XP level 2. HP: 25/25 MP: 1/1
  1047 | D:2      | Reached skill level 5 in Staves
  1047 | D:2      | Reached XP level 3. HP: 30/30 MP: 2/2
  1328 | D:2      | Found a shattered altar of Ashenzari.
  1344 | D:2      | Found an opulent altar of Gozag.
  1348 | D:2      | Found Gozag's Platinum Reserve.
  1530 | D:2      | Reached skill level 6 in Staves
  1530 | D:2      | Reached XP level 4. HP: 14/37 MP: 3/3
  2500 | D:3      | Found a burning altar of Makhleb.
  2519 | D:3      | Became a worshipper of Makhleb the Destroyer
  2733 | D:3      | Noticed Zeloya's ghost (amateur KoFi)
  2741 | D:3      | Killed Zeloya's ghost
  2741 | D:3      | Reached skill level 7 in Staves
  2741 | D:3      | Reached XP level 5. HP: 21/42 MP: 4/4
  3021 | D:4      | Reached skill level 8 in Staves
  3040 | D:4      | Reached XP level 6. HP: 29/50 MP: 5/5
  3053 | D:4      | Mangled by a gnoll

Skill      XL: |  1  2  3  4  5 |
---------------+----------------+-----
Staves         | 4 5 6 7 8 |  8.3
Fighting       | |  2.4
Throwing       | |  2.0
Dodging        | |  3.2

Action                   |  1- 3 |  4- 6 || total
-------------------------+-------+-------++-------
Melee: Quarterstaff      |    67 |    72 ||   139
       Headbutt          |    13 |    13 ||    26
  Use: Scroll            |       |     9 ||     9
       Potion            |       |     1 ||     1
 Stab: Sleeping          |     1 |       ||     1
  Eat: Chunk             |     1 |     3 ||     4
       Beef jerky        |     1 |       ||     1
Armor: Leather armour    |    14 |    22 ||    36
Dodge: Dodged            |    41 |    46 ||    87
